 Dungeon Crawl Stone Soup version 0.21.1-1-g345015fe64 (webtiles) character file.

25 Gargoyl the Skirmisher (level 2, 0/26 HPs)
             Began as a Centaur Abyssal Knight on Feb 7, 2018.
             Was a Follower of Lugonu.
             Slain by Sigmund
             ... wielding a +0 scythe
              (10 damage)
             ... on level 2 of the Dungeon.
             The game lasted 00:03:28 (1264 turns).

Gargoyl the Skirmisher (Centaur Abyssal Knight)     Turns: 1264, Time: 00:03:29

Health: 0/26       AC:  8    Str: 14    XL:     2   Next: 82%
Magic:  3/3        EV:  2    Int: 11    God:    Lugonu [*.....]
Gold:   145        SH:  0    Dex: 18    Spells: 1/1 levels left

rFire    . . .     SeeInvis .   a - +1 hand axe
rCold    . . .     Gourm    .   (no shield)
rNeg     + + .     Faith    .   e - +0 plate armour
rPois    .         Spirit   .   (no helmet)
rElec    .         Reflect  .   (no cloak)
rCorr    +         Harm     .   (no gloves)
MR       .....                  (no barding)
Stlth    ..........             (no amulet)
HPRegen  0.08/turn              d - ring "Vese" {rCorr rN++ Dex+10}
MPRegen  0.08/turn              (no ring)

@: very quick
A: large, hooves 3, deformed body, speed 2, tough skin 3
a: Depart the Abyss, Renounce Religion


You were on level 2 of the Dungeon.
You worshipped Lugonu.
Lugonu was aware of your devotion.
You were not hungry.

You visited 1 branch of the dungeon, and saw 2 of its levels.
You visited the Abyss 1 time.

You collected 145 gold pieces.

Inventory:

Hand Weapons
 a - a +1 hand axe (weapon)
Armour
 b - a +0 leather armour
 e - a +0 plate armour (worn)
Jewellery
 d - the ring "Vese" (left hand) {rCorr rN++ Dex+10}
   (You found it on level 2 of the Abyss)

   [ring of resist corrosion]

   It affects your dexterity (+10).
   It greatly protects you from negative energy.
 f - an uncursed amulet of regeneration {unknown}
Scrolls
 g - a scroll of fear {unknown}
 h - a scroll of blinking {unknown}
 i - a scroll of enchant weapon {unknown}
 j - 7 scrolls of identify
Comestibles
 c - 2 rations


   Skills:
 + Level 3.4 Fighting
 + Level 2.0 Axes
 * Level 1.7 Armour
 + Level 0.9 Dodging
 * Level 2.2 Invocations


You had one spell level left.
You didn't know any spells.

Dungeon Overview and Level Annotations

Branches:
Dungeon (2/15)

Altars:
Uskayaw

Annotations:
D:2 Sigmund


Innate Abilities, Weirdness & Mutations

You have hooves in place of feet.
Armour fits poorly on your strangely shaped body.
You cover ground very quickly.
You have extremely tough skin. (AC +3)


Message History

You slash Sigmund! Your kick misses Sigmund.
Sigmund is moderately wounded.
Sigmund hits you but does no damage.
You closely miss Sigmund. You kick Sigmund.
Sigmund is moderately wounded.
Sigmund casts a spell at you. The magic dart hits you!
You closely miss Sigmund.
Sigmund is moderately wounded.
Sigmund hits you with a scythe.
Your plate armour prevents you from hitting Sigmund.
You kick Sigmund.
Sigmund is heavily wounded.
You hit Sigmund. You kick Sigmund.
Sigmund is severely wounded.
Sigmund hits you with a scythe.
You closely miss Sigmund. You kick Sigmund.
Sigmund is severely wounded.
Sigmund hits you with a scythe!
You die...

#.#####.# ... #.......
..? #.....# (..
#.....# #.# . #..@..#
##.## ..####.....# ...
.........# #.#
.......### #<##
...###.# # #@.# #
...###.#######.##@##.#
#.........##...r...#
#.##.####.#####.####
#.#.#.......#####.#
.......####r@.K...#
.####.#####.#######
.........##.#
#####.#.###r#


You could see Sigmund and a rat.

Vanquished Creatures
  A giant cockroach (D:1)
  A hobgoblin (D:1)
  4 jackals (D:1)
  4 bats
  A frilled lizard (D:1)
  8 kobolds
  4 rats
23 creatures vanquished.

Notes
Turn   | Place    | Note
-------+----------+-------------------------------------------
     0 | Abyss:1  | Gargoyl the Centaur Abyssal Knight began the quest for the Orb.
     0 | Abyss:1  | Reached XP level 1. HP: 19/19 MP: 2/2
    61 | Abyss:1  | Noticed a seven-headed hydra zombie
   123 | Abyss:2  | Got a heavily runed iron ring
   128 | Abyss:2  | Identified the ring "Vese" {rCorr rN++ Dex+10} (You found it on level 2 of the Abyss)
   167 | Abyss:2  | Noticed a frost giant simulacrum
   168 | D:1      | Escaped the Abyss
   245 | D:1      | Reached * piety under Lugonu
   359 | D:1      | Reached XP level 2. HP: 26/26 MP: 3/3
   987 | D:2      | Found a hide-covered altar of Uskayaw.
  1105 | D:2      | Noticed Sigmund
  1264 | D:2      | Slain by Sigmund

Skill      XL: |  1  2 |
---------------+-------+-----
Axes           | 2 |  2.0
Fighting       | |  3.4
Armour         | |  1.7
Dodging        | |  0.9
Invocations    | |  2.2

Action                   || total
-------------------------++-------
Melee: Hand axe          ||    50
       Kick              ||    16
Invok: Depart the Abyss  ||     1
  Use: Scroll            ||     1
       Potion            ||     1
Armor: Plate armour      ||    59
Dodge: Dodged            ||     7
